 Dungeon Crawl Stone Soup version 0.27-a0-1147-gb3d8e82157 (webtiles) character file.

Game seed: 7948606754648736653

480 Sobieck the Cleaver (level 7, -1/59 HPs)
             Began as a Hill Orc Monk on May 11, 2021.
             Slain by a kobold brigand
             ... wielding a +0 club
              (4 damage)
             ... on level 4 of the Dungeon on May 12, 2021.
             The game lasted 00:11:41 (4422 turns).

Sobieck the Cleaver (Hill Orc Monk)                 Turns: 4422, Time: 00:11:42

Health: -1/59      AC: 10    Str: 13 (16) XL:     7   Next: 12%
Magic:  7/7        EV:  6    Int:  9 (10) God:
Gold:   169        SH:  0    Dex: 11 (13) Spells: 6/6 levels left

rFire    . . .     SeeInvis .   a - +0 war axe {axe}
rCold    . . .     Faith    .   (no shield)
rNeg     . . .     Spirit   .   h - +0 chain mail
rPois    .         Reflect  .   w - +0 helmet
rElec    .         Harm     .   k - +0 cloak
rCorr    .         Rampage  .   (no gloves)
Will     .....                  (no boots)
Stlth    ..........             (no amulet)
HPRegen  0.19/turn              (no ring)
MPRegen  0.10/turn              (no ring)

@: slowed, very slow
A: no striking features
a: no special abilities


You were on level 4 of the Dungeon.
You visited 1 branch of the dungeon, and saw 4 of its levels.

You collected 169 gold pieces.


   Skills:
 - Level 4.0 Fighting
 + Level 9.7 Axes
 - Level 2.0 Armour
 - Level 2.4 Dodging
 - Level 1.5 Stealth


You had 6 spell levels left.
You didn't know any spells.
Your spell library was empty.

Inventory:

Hand Weapons
 a - a +0 war axe (weapon) {axe}
   (You took it off an orc on level 2 of the Dungeon)
 b - a +0 hunting sling {sling}
   (You found it on level 3 of the Dungeon)
 f - a +2 mace of protection {mace}
   (You found it on level 1 of the Dungeon)
 p - a +1 dagger of distortion {!wshort}
   (You took it off a goblin on level 2 of the Dungeon)
 s - a +0 hand axe {axe}
Missiles
 c - 65 stones {throwing}
 m - 53 sling bullets
 o - a throwing net {=f!fthrowing}
 r - 3 boomerangs (quivered) {throwing}
 t - 23 arrows
Armour
 h - a +0 chain mail (worn)
   (You found it on level 1 of the Dungeon)
 k - a +0 cloak (worn)
   (You found it on level 2 of the Dungeon)
 u - a +0 robe
 w - a +0 helmet (worn)
   (You took it off Robin on level 4 of the Dungeon)
Jewellery
 x - an amulet of guardian spirit
   (You took it off a goblin on level 4 of the Dungeon)
Scrolls
 i - a scroll of enchant armour {unknown}
 j - a scroll of blinking {unknown}
 q - a scroll of identify {unknown}
Potions
 d - a potion of degeneration {!q@e2}
 e - a potion of flight {unknown}
 g - a potion of invisibility {unknown}
 l - 2 potions of attraction {unknown}
 n - a potion of heal wounds {unknown}
 v - a potion of brilliance {unknown}
 z - a potion of resistance {unknown}

Dungeon Overview and Level Annotations

Branches:
Dungeon (4/15)
 Temple: D:4-7

Altars:

#...#.#####......># .#
##....# #.......#....
#.....#)# #...........#
#.#...#.# #..))...#...#
#....##.#####.).....##..#
##.#.##))....(#..#.##
.... #.#.....)....#..#(..
..# # ####.....K.#...(..#
## #.####.....@.##..#K.#
........)).....(##.(#
.####...<...#### .#
#...)...# #.......#
###...###
.####..<....####
...............#
#####.......####


You could see a kobold brigand (fast).


Message History

You barely miss the kobold. The kobold barely misses you.
You closely miss the kobold. The kobold barely misses you. 😕 HP[+1]
You completely miss the kobold. The kobold barely misses you.
A kobold brigand comes into view.
It is wielding a +0 club and quivering curare-tipped darts.
You hit the kobold. The kobold hits you but does no damage.
You slash the kobold!
You kill the kobold!
The kobold brigand throws a curare-tipped dart.
The curare-tipped dart barely misses you.
b - a +0 hunting sling (weapon)
{sling} You shoot a sling bullet.
The sling bullet hits the kobold brigand!
The kobold brigand throws a curare-tipped dart.
The curare-tipped dart hits you.
You are poisoned.
You have difficulty breathing.
You feel yourself slow down. 😕 HP[-10]
You take 10 damage, and now have 47/59 hp.
You shoot a sling bullet.
The sling bullet hits the kobold brigand but does no damage.
You feel very sick. 😮 HP[-4]
You take 4 damage, and now have 43/59 hp.
You are too injured to fight recklessly!
a - a +0 war axe (weapon)
{axe} You feel sick.
The kobold brigand drinks a potion.
The kobold brigand seems to speed up. 😮 HP[-2]
You take 2 damage, and now have 41/59 hp.
You feel sick.
The kobold brigand throws a curare-tipped dart.
The curare-tipped dart barely misses you.
The kobold brigand throws a curare-tipped dart.
The curare-tipped dart hits you.
You are more poisoned.
You have difficulty breathing.
You feel as though you will be slow longer. 😮 HP[-8]
You take 8 damage, and now have 33/59 hp.
You feel very sick.
The kobold brigand hits you with a +0 club.
* * * LOW HITPOINT WARNING * * *
The kobold brigand hits you with a +0 club.
* * * LOW HITPOINT WARNING * * *
😨 HP[-10]
You take 10 damage, and now have 23/59 hp.
You slash the kobold brigand!
You feel sick.
The kobold brigand hits you but does no damage. x3 😨 HP[-1]
You take 1 damage, and now have 22/59 hp.
You hit the kobold brigand.
You feel sick.
The kobold brigand hits you with a +0 club.
* * * LOW HITPOINT WARNING * * *
The kobold brigand hits you but does no damage. 😨 HP[-3]
You take 3 damage, and now have 19/59 hp.
You barely miss the kobold brigand.
You feel sick.
The kobold brigand hits you but does no damage. x2 😨 HP[-2]
You take 2 damage, and now have 17/59 hp.
Your chain mail prevents you from hitting the kobold brigand.
You feel sick.
The kobold brigand hits you but does no damage.
The kobold brigand hits you with a +0 club.
* * * LOW HITPOINT WARNING * * *
😱 HP[-6]
You take 6 damage, and now have 11/59 hp.
You hit the kobold brigand.
You feel sick.
You are no longer poisoned.
The kobold brigand hits you with a +0 club.
* * * LOW HITPOINT WARNING * * *
The kobold brigand hits you with a +0 club.
* * * LOW HITPOINT WARNING * * *
😱 HP[-5]
You take 5 damage, and now have 6/59 hp.
Unknown command.
It was a potion of degeneration.
There was something very wrong with that liquid.
You feel weakened.
You feel dopey.
You feel clumsy.
The kobold brigand hits you with a +0 club.
* * * LOW HITPOINT WARNING * * *
The kobold brigand barely misses you.
The kobold brigand hits you but does no damage. 😱 HP[-1]
You take 1 damage, and now have 5/59 hp.
Okay, then.
You barely miss the kobold brigand.
The kobold brigand hits you with a +0 club.
* * * LOW HITPOINT WARNING * * *
The kobold brigand hits you but does no damage. 😱 HP[-1]
You take 1 damage, and now have 4/59 hp.
Your chain mail prevents you from hitting the kobold brigand.
The kobold brigand hits you with a +0 club.
* * * LOW HITPOINT WARNING * * *
The kobold brigand hits you with a +0 club.
You die...

Skill      XL: |  1  2  3  4  5  6 |
---------------+-------------------+-----
Fighting       | 4 |  4.0
Axes           | 5 6 7 8 9 |  9.7
Armour         | 2 |  2.0
Dodging        | |  2.4
Stealth        | |  1.5

Action                   |  1- 3 |  4- 6 |  7- 9 || total
-------------------------+-------+-------+-------++-------
Melee: Hand axe          |   111 |       |       ||   111
       Mace              |    11 |       |       ||    11
       War axe           |     2 |   111 |    12 ||   125
 Fire: Hunting sling     |       |    18 |     2 ||    20
Throw: Stone             |    16 |     6 |       ||    22
       Throwing net      |     1 |     1 |       ||     2
       Boomerang         |       |    25 |       ||    25
  Use: Potion            |       |       |     1 ||     1
 Stab: Sleeping          |     2 |       |       ||     2
Armor: Robe              |     8 |       |       ||     8
       Chain mail        |    43 |    60 |    10 ||   113
Dodge: Dodged            |    48 |    32 |     6 ||    86

Levels and vault maps discovered:
D:1:      nicolae_arrival_memento_mori, layout_rooms,
          shapermc_ecumenical_altar_mp_ritualfount
D:2:      layout_rooms, chequers_jeans, lemuel_old_faithful
D:3:      layout_basic, minmay_quadrilaterals
D:4:      cheibrodos_thug_alley, layout_loops_ring,
          nicolae_overflow_hidden_temple, lemuel_doored_altar,
          gammafunk_ghost_abyssal_escape, uniq_robin

Notes
Turn   | Place    | Note
-------+----------+-------------------------------------------
     0 | D:1      | Sobieck the Hill Orc Monk began the quest for the Orb.
     0 | D:1      | Reached XP level 1. HP: 19/19 MP: 1/1
     0 | D:1      | magus.rc [v1.9.6]
   243 | D:1      | Reached XP level 2. HP: 17/27 MP: 2/2
   453 | D:1      | Reached skill level 4 in Fighting
   844 | D:1      | Reached skill level 5 in Axes
  1174 | D:1      | Found a faded altar of an unknown god.
  1184 | D:1      | Reached XP level 3. HP: 33/33 MP: 3/3
  1798 | D:2      | magus.rc [v1.9.6]
  2120 | D:3      | Reached skill level 6 in Axes
  2120 | D:3      | Reached XP level 4. HP: 40/40 MP: 4/4
  2603 | D:3      | Reached skill level 7 in Axes
  2603 | D:3      | Reached XP level 5. HP: 46/46 MP: 5/5
  3385 | D:3      | magus.rc [v1.9.6]
  3446 | D:4      | Reached skill level 8 in Axes
  3657 | D:4      | Reached XP level 6. HP: 52/52 MP: 6/6
  3702 | D:4      | Noticed a sky beast
  3739 | D:4      | Killed a sky beast
  3740 | D:4      | Reached skill level 9 in Axes
  3740 | D:4      | Reached skill level 1 in Armour
  3971 | D:4      | Reached skill level 2 in Armour
  3983 | D:4      | Noticed Robin
  3993 | D:4      | Killed Robin
  4113 | D:3      | HP: 13/52 [ogre/+0 giant spiked club (5)]
  4114 | D:3      | HP: 4/52 [ogre/+0 giant spiked club (10)]
  4153 | D:3      | Reached XP level 7. HP: 11/59 MP: 7/7
  4418 | D:4      | HP: 11/59 [kobold brigand/+0 club (6)]
  4420 | D:4      | HP: 5/59 [kobold brigand/+0 club (1)]
  4422 | D:4      | Slain by a kobold brigand

Vanquished Creatures
  A sky beast (D:4)
  An ogre (D:3)
  A scorpion (D:4)
  A jelly (D:4)
  A hound (D:4)
  An iguana (D:3)
  Robin (D:4)
  4 gnolls (D:3)
  3 adders
  A worm (D:2)
  4 dart slugs
  2 orcs
  4 ball pythons
  5 bats
  13 endoplasms
  A giant cockroach (D:1)
  9 goblins
  7 hobgoblins
  15 kobolds
  2 quokkas
  A frilled lizard (D:1)
  4 rats (D:1)
82 creatures vanquished.

Vanquished Creatures (others)
  A bat (D:2)
1 creature vanquished.

Grand Total: 83 creatures vanquished

Table legend:
 A = Non-vault XP
 B = Vault XP
 C = Vault XP percentage of total XP
 D = Non-vault monster count
 E = Vault monster count
 F = Vault count percentage of total count
                 A         B        C        D         E       F
            +---------+---------+-------+---------+---------+-------
      Total |     636 |      51 |   7.4 |      60 |      22 |  26.8
            +---------+---------+-------+---------+---------+-------
        D:1 |      31 |       0 |   0.0 |      18 |       0 |   0.0
        D:2 |      37 |       0 |   0.0 |      13 |       0 |   0.0
        D:3 |     273 |      12 |   4.2 |      22 |       6 |  21.4
        D:4 |     295 |      39 |  11.7 |       7 |      16 |  69.6
            +---------+---------+-------+---------+---------+-------

Illustrated notes

Table legend:
 A = Kills in this place as a percentage of kills in entire the game.
 B = Kills by you in this place as a percentage of kills by you in the entire game.
 C = Kills by friends in this place as a percentage of kills by friends in the entire game.
 D = Other kills in this place as a percentage of other kills in the entire game.
 E = Experience gained in this place as a percentage of experience gained in the entire game.
 F = Experience gained in this place divided by the number of levels of this place that you have seen.
                   A       B       C       D       E      F
               +-------+-------+-------+-------+-------+----------------------
         Total | 100.0 | 100.0 |   N/A |   N/A | 100.0 | 171.8
       Dungeon | 100.0 | 100.0 |   N/A |   N/A | 100.0 | 171.8
               +-------+-------+-------+-------+-------+----------------------

Table legend: (Time is in decaauts)
 A = Elapsed time spent in this place.
 B = Non-inter-level travel time spent in this place.
 C = Inter-level travel time spent in this place.
 D = Time resting spent in this place.
 E = Time spent auto-exploring this place.
 F = Levels seen in this place.
 G = Mean time per level.
                   A        B        C        D        E       F      G
               +--------+--------+--------+--------+--------+-----+--------+
         Total |   4469 |   4291 |    178 |   1694 |   1538 |   4 | 1117.2 |
       Dungeon |   4469 |   4291 |    178 |   1694 |   1538 |   4 | 1117.2 |
               +--------+--------+--------+--------+--------+-----+--------+

Top non-repeatable levels by time:
     D:3: 1935 daAuts
     D:1: 1059 daAuts
     D:2: 968 daAuts
     D:4: 504 daAuts
